 Dungeon Sprint DCSS version 0.30-a0-802-gb92711bcdf (webtiles) character file.

Game seed: 4477559727333753652

26 sircluck the Fighter (level 6, -10/62 HPs)
             Began as a Hill Orc Fighter on Feb 23, 2023.
             Was a Believer of Beogh.
             Mangled by a fire elemental (14 damage)
             ... in the Dungeon (Sprint VI: "Thunderdome").
             The game lasted 00:03:10 (317 turns).

sircluck the Fighter (Hill Orc Fighter)              Turns: 317, Time: 00:03:11

Health: -10/62     AC:  8    Str: 21    XL:     6   Next: 33%
Magic:  6/6        EV:  9    Int:  8    God:    Beogh [**....]
Gold:   220        SH:  5    Dex: 10    Spells: 5/5 levels left

rFire   . . .      SeeInvis .    a - +0 war axe
rCold   . . .      Faith    .    c - +0 buckler
rNeg    . . .      Spirit   .    b - +0 scale mail
rPois   .          Reflect  .    (no helmet)
rElec   .          Harm     .    (no cloak)
rCorr   .          Rampage  .    (no gloves)
Will    .....      NoTele   +    (no boots) Stlth
                                 (no amulet)
HPRegen 0.30/turn                (no ring)
MPRegen 0.10/turn                (no ring)

@: no status effects
A: no striking features
a: Renounce Religion, Smiting


You were in the Dungeon.
You worshipped Beogh.
Beogh was pleased with you.
You visited 1 branch You collected 220 gold pieces.

Inventory:

Hand Weapons
 a - a +0 war axe (weapon)
Armour
 b - a +0 scale mail (worn)
 c - a +0 buckler (worn)
Wands
 l - a wand of quicksilver (5)
 m - a wand of iceblast (5)
Scrolls
 j - 4 scrolls of blinking
 n - 3 scrolls of fog
Potions
 d - a potion of might
 e - a potion of curing
 f - a potion of heal wounds
 g - 4 potions of haste
 h - 2 potions of magic
 i - a potion of berserk rage
 k - 2 potions of resistance


   Skills:
 + Level 8.6 Fighting
 + Level 8.5 Axes
 + Level 8.1 Armour
 + Level 1.1 Dodging
 + Level 7.3 Shields


You had 5 spell levels left.
You didn't know any spells.
Your spell library was empty.

Dungeon Overview and Level Annotations

Branches:
Dungeon (1/1)

Altars:
Cheibriados
Dithmenos
Fedhas
Gozag
Kikubaaqudgha
Makhleb
Okawaru
Qazlal
Ru
Sif Muna
Trog
Uskayaw
Vehumet
Wu Jian
Xom
Yredelemnul
Zin
The Shining One
Beogh
Lugonu

Shops:
D *[??*?*:[((!!!!


Message History

Grinder hits you!
You writhe in agony.
* * * LOW HITPOINT WARNING * * *
You hit Grinder but do no damage. Grinder hits you.
* * * LOW HITPOINT WARNING * * *
Grinder hits you.
* * * LOW HITPOINT WARNING * * *
You writhe in agony.
* * * LOW HITPOINT WARNING * * *
You feel much better. 5...
Grinder blinks! 4... 3... 2...
You barely miss Grinder. 1... Grinder hits you but does no damage.
You slash Grinder!
Grinder is lightly wounded.
Time's up!
The arena falls silent.
You lost your score multiplier.
You now have 26 arena points (gained 12).
Unknown command.
Get ready!
ROUND 3!
FIGHT!
LIGHTNING ROUND!
You sense a tension in the east. 2 fire elementals come into view.
A fire bat comes into view.
A fire bat comes into view.
The fire elemental hits you. The fire elemental burns you!
You slash the fire elemental!
The fire elemental is moderately damaged.
You closely miss the fire elemental. The fire elemental hits you.
The fire elemental burns you!
* * * LOW HITPOINT WARNING * * *
The fire elemental hits you. The fire elemental burns you!
* * * LOW HITPOINT WARNING * * *
The fire elemental hits you. The fire elemental burns you!
You die...

#⌠..........# #.<.# #...b......⌠
#⌠..........###...###..........⌠
##.............###.............#
###∩........8.# #.8........∩###
##∩___......###.......__∩##
######.8.........8.######
#⌠.........°.§# ###....Eb°..###
#_..@E○.._# #_......._#
#_........# #∩.......∩#
##∩.....∩## ##.....## ##⌠⌠⌠##
#####


You could see 2 fire elementals and a fire bat.

Vanquished Creatures
  Sigmund (D)
  A crimson imp (D)
  2 iron imps (D)
  Terence (D)
  2 shadow imps (D)
  A ball python (D)
  An endoplasm (D)
  A giant cockroach (D)
  A goblin (D)
11 creatures vanquished.

Notes
Turn   | Place    | Note
-------+----------+-------------------------------------------
     0 | D        | sircluck the Hill Orc Fighter began the quest for the Orb.
     0 | D        | Reached XP level 1. HP: 19/19 MP: 1/1
     0 | D        | Found a shadowy altar of Dithmenos.
     0 | D        | Found a roughly hewn altar of Beogh.
     1 | D        | Found a shimmering altar of Xom.
     1 | D        | Found a radiant altar of Vehumet.
     5 | D        | Round 1.
     7 | D        | Found a snail-covered altar of Cheibriados.
     7 | D        | Found an opulent altar of Gozag.
     8 | D        | Found a burning altar of Makhleb.
     8 | D        | Found a hide-covered altar of Uskayaw.
     8 | D        | Found Kegragheu's Staff Store.
     8 | D        | Found Tucoamm's Magic Scroll Shop.
     9 | D        | Found Ykutar's Must-Have Magic.
     9 | D        | Found Eguamim's Magic Scroll Shop.
    11 | D        | Noticed Sigmund
    28 | D        | Killed Sigmund
    29 | D        | Reached XP level 2. HP: 17/34 MP: 2/2
    29 | D        | Reached XP level 3. HP: 20/39 MP: 3/3
    29 | D        | Reached XP level 4. HP: 24/47 MP: 4/4
    29 | D        | Reached XP level 5. HP: 27/52 MP: 5/5
    29 | D        | Found a sacrificial altar of Ru.
    61 | D        | Became a worshipper of Beogh the Brigand
    62 | D        | Noticed Terence
    70 | D        | Killed Terence
    86 | D        | Arena points: 14 (+14) [x2]
   135 | D        | Found an iron altar of Okawaru.
   135 | D        | Found a glowing silver altar of Zin.
   135 | D        | Found a glowing golden altar of the Shining One.
   135 | D        | Found Rutz's Identification Station.
   136 | D        | Found Roschiz's Jewellery.
   136 | D        | Found Wyhuac's Advanced Armour.
   139 | D        | Found a bloodstained altar of Trog.
   156 | D        | Found a stormy altar of Qazlal.
   157 | D        | Found an ornate altar of the Wu Jian Council.
   158 | D        | Found Bukhusob's Premium Goods.
   159 | D        | Found Ruorghao's Miscellaneous Merchandise.
   159 | D        | Found Picomodgh's Basic Armour.
   159 | D        | Round 2.
   166 | D        | Found Joost's Weapon Rack.
   166 | D        | Found a shimmering blue altar of Sif Muna.
   166 | D        | Found a basalt altar of Yredelemnul.
   181 | D        | Found a blossoming altar of Fedhas.
   181 | D        | Found a corrupted altar of Lugonu.
   181 | D        | Found Ypsaewni's Do-It-Yourself Clinic.
   181 | D        | Found Weoliniliz's Bottled Wisdom.
   182 | D        | Found Tacemam's Distillery.
   188 | D        | Found Bismimn's Distillery.
   188 | D        | Found an ancient bone altar of Kikubaaqudgha.
   226 | D        | Reached * piety under Beogh
   256 | D        | Reached XP level 6. HP: 53/62 MP: 6/6
   257 | D        | Noticed Grinder
   270 | D        | Paralysed by Grinder for 5 turns
   279 | D        | Reached ** piety under Beogh
   285 | D        | Reached skill level 1 in Dodging
   294 | D        | Arena points: 26 (+12) [x1]
   309 | D        | Round 3.
   311 | D        | Noticed a fire elemental
   311 | D        | Noticed a fire elemental
   313 | D        | Noticed a fire bat
   315 | D        | Noticed a fire bat
   317 | D        | Mangled by a fire elemental

Illustrated notes

Levels and vault maps discovered:
D:        arena_sprint

Skill      XL: |  1  2  3  4  5  6 |
---------------+-------------------+-----
Fighting       | 7 8 |  8.6
Axes           | 6 8 |  8.5
Armour         | 6 7 8 |  8.1
Shields        | 6 7 |  7.3
Dodging        | 1 |  1.1

Action                     |  1- 3 |  4- 6 || total
---------------------------+-------+-------++-------
  Melee: War axe           |    14 |    46 ||    60
    Use: Potion            |       |     3 ||     3
 Armour: Scale mail        |       |    23 ||    23
  Dodge: Dodged            |     4 |    15 ||    19
  Block: Buckler           |     5 |     8 ||    13

Table legend: (Time is in decaauts)
 A = Elapsed time spent in this place.
 B = Non-inter-level travel time spent in this place.
 C = Inter-level travel time spent in this place.
 D = Time resting spent in this place.
 E = Time spent auto-exploring this place.
 F = Levels seen in this place.
 G = Mean time per level.
                   A        B        C        D        E       F      G
               +--------+--------+--------+--------+--------+-----+--------+
         Total |    329 |    322 |      7 |      0 |    105 |   1 |  329.0 |
       Dungeon |    329 |    322 |      7 |      0 |    105 |   1 |  329.0 |
               +--------+--------+--------+--------+--------+-----+--------+

Top non-repeatable levels by time:
       D: 329 daAuts
